cohdb
Replays
Latest Replays
All Replays
Popular Replays
Top Player Replays
Match Explorer
How It Works
Community
CoH3 Stats
Reddit
Sign in to upload your games and track your stats! →
Sign in with Steam
Match 40964446
Unlisted
Match 40964446
Overview
Messages
Build Orders
End
Selects Italian Combined Arms Battlegroup
Selects Bersaglieri Squad
Bersaglieri Squad
Kradschützen Motorcycle Team
250 Light Carrier
Bersaglieri Squad
Bersaglieri Squad
Construct Light Support Kompanie
Selects Bersaglieri Bolster
Fire Support Elements
Flakvierling Half-track
Assault Mechanized Group
Selects Breda Model 30 Light Machine Guns
Flakvierling Half-track
2.5-tonne Medical Truck
Selects Semovente da 75/18 Assault Gun
Panzerpioneer Squad
xizi20
Wolfe
0
0
Comments
sign in to comment!
No comments posted yet!